 Dungeon Crawl Stone Soup version 0.15-a0-2075-ga361405 (webtiles) character file.

1427 Econoterrorist the Covert (level 8, -4/36 HPs)
             Began as a Spriggan Enchanter on July 14, 2014.
             Killed from afar by Blork the orc (15 damage)
             ... with a wand of frost
             ... on Level 6 of the Dungeon.
             The game lasted 00:30:16 (7037 turns).

Econoterrorist the Covert (Spriggan Enchanter)      Turns: 7037, Time: 00:30:16

HP  -4/36        AC  4     Str  4      XL: 8   Next: 44%
MP  22/27        EV 18     Int 19      God:
Gold 207         SH  0     Dex 17      Spells:  3 memorised, 13 levels left

rFire  + . .     SeeInvis +     w - +0 cutlass
rCold  x . .     Clarity  .     b - +1 robe
rNeg   . . .     rCorr    .     (shield restricted)
rPois  .         rRot     .     (helmet restricted)
rElec  .         Spirit   .     x - +0 cloak
SustAb .         Warding  .     (gloves unavailable)
rMut   .         Stasis   .     (boots unavailable)
Gourm  .                        (no amulet)
MR     +....                    y - cursed ring of fire
                                z - +1 ring of dexterity

@: very quick, somewhat resistant to hostile enchantments, stealthy
A: unfitting armour, see invisible, herbivore 3, speed 3, slow metabolism 2
a: no special abilities


You were on level 6 of the Dungeon.
You were not hungry.

You visited 1 branch of the dungeon, and saw 6 of its levels.

You collected 207 gold pieces.

Inventory:

Hand weapons
 a - a +1 dagger
 u - a +0 blowgun
 w - a +0 cutlass (weapon)
Missiles
 v - 5 poisoned needles
Armour
 b - a +1 robe (worn)
 x - a +0 cloak (worn)
Magical devices
 n - a wand of disintegration (14)
 s - a wand of disintegration (14)
Comestibles
 d - 3 bread rations
 r - 3 fruits
Scrolls
 e - 3 scrolls of teleportation
 f - a scroll of magic mapping
 g - 3 scrolls of amnesia
 p - 4 scrolls of identify
Jewellery
 j - an uncursed ring of wizardry
 y - a cursed ring of fire (right hand)
 z - a +1 ring of dexterity (left hand)
Potions
 i - a potion of restore abilities
 k - a potion of curing
 o - a potion of brilliance
 q - 3 potions of invisibility {unknown}
Books
 c - a book of Maledictions

   Spells                             Type                      Level
   Corona                             Hexes                        1
   Sure Blade                         Hexes/Charms                 2
   *Ensorcelled Hibernation           Hexes/Ice                    2
   *Confuse                           Hexes                        3
   Dazzling Spray                     Conjuration/Hexes            3
   *Enslavement                       Hexes                        4


   Skills:
 + Level 4.9 Short Blades
 - Level 3.0 Dodging
 - Level 8.0 Stealth
 - Level 7.6 Spellcasting
 - Level 8.0 Hexes


You had 13 spell levels left.
You knew the following spells:

 Your Spells              Type           Power        Failure   Level  Hunger
b - Ensorcelled Hibernat  Hex/Ice        ##....       3%          2    None
c - Confuse               Hex            #####...     1%          3    #......
d - Enslavement           Hex            #####...     4%          4    ###....


Dungeon Overview and Level Annotations

Branches:
Dungeon (6/15)
 Temple: D:4-7

Altars:
Fedhas
Makhleb
The Shining One

Annotations:
D:6 Blork the orc


Innate Abilities, Weirdness & Mutations

You are tiny and cannot use many weapons and most armour.
You have supernaturally acute eyesight.
You are a herbivore.
You cover ground extremely quickly.
You need consume almost no food.


Message History

You feel a terrible chill!
Casting: Ensorcelled Hibernation
Confirm with . or Enter, or press ? or * to list all spells.
Aiming: Ensorcelled Hibernation
Press: ? - help, Shift-Dir - straight line, f - Blork the orc
Aim: Blork the orc, wielding a short sword, wearing a robe and carrying a wand of frost {zapped: 1} You feel a numb sensation.
Blork the orc looks drowsy...
The helpless Blork the orc fails to defend himself.
You impale Blork the orc!!
Blork the orc is almost dead.
Blork the orc zaps a wand.
The puff of frost hits you!
You feel a terrible chill!
Casting: Ensorcelled Hibernation
Confirm with . or Enter, or press ? or * to list all spells.
Aiming: Confuse
Press: ? - help, Shift-Dir - straight line, f/p - Blork the orc
Aim: Blork the orc, wielding a short sword, wearing a robe and carrying a wand of frost {zapped: 2} (almost dead) Blork the orc struggles to resist.
Blork the orc zaps a wand.
The puff of frost hits you!
You feel a terrible chill!
You die...

*., ,,,,,,,,*
....,,,,,,,* .....,,,,, *
*......,,,,,*
*........,,,*****
######........>..,,,,,
#............#..,,,,,,
#...o........#.#******
####....@.......#.#######
#........................
#.........####...........
#.........# #...........
#.........# #...........
#######...# #...........
#...# #........... #...#
#........... #...#
#.).........


You could see Blork the orc.

Vanquished Creatures
  Grinder (D:5)
  Eustachio (D:5)
  A necrophage (D:6)
  A phantom (D:5)
  An ogre (D:5)
  A centaur (D:5)
  2 scorpions
  3 crimson imps
  A goliath beetle (D:6)
  2 iguanas (D:6)
  Crazy Yiuf (D:5)
  An orc priest (D:5)
  2 orc wizards
  2 worker ants
  A hound zombie (D:5)
  Terence (D:3)
  2 hound skeletons
  8 adders
  A steam dragon skeleton (D:4)
  3 worms
  7 giant geckos
  An ooze (D:3)
  14 orcs
  10 bats
  5 giant cockroaches
  19 goblins
  12 hobgoblins
  12 jackals
  2 ball pythons
  3 giant newts
  A goblin skeleton (D:5)
  14 kobolds
  A kobold zombie (D:6)
  16 rats
153 creatures vanquished.

Notes
Turn   | Place    | Note
--------------------------------------------------------------
     0 | D:1      | Econoterrorist, the Spriggan Enchanter, began the quest for the Orb.
     0 | D:1      | Reached XP level 1. HP: 9/9 MP: 4/4
   152 | D:1      | Reached skill level 5 in Stealth
   365 | D:1      | Reached XP level 2. HP: 11/13 MP: 7/7
   369 | D:1      | Learned a level 2 spell: Ensorcelled Hibernation
  1039 | D:1      | Reached skill level 6 in Stealth
  1361 | D:1      | Reached XP level 3. HP: 16/16 MP: 3/9
  1705 | D:2      | Reached skill level 7 in Stealth
  1893 | D:2      | Reached XP level 4. HP: 21/21 MP: 12/12
  1936 | D:2      | Reached skill level 8 in Stealth
  1992 | D:2      | Learned a level 3 spell: Confuse
  2904 | D:3      | Reached XP level 5. HP: 24/24 MP: 14/17
  2986 | D:3      | Noticed Terence
  3004 | D:3      | Killed Terence
  3544 | D:4      | Learned a level 4 spell: Enslavement
  3959 | D:4      | Reached skill level 5 in Spellcasting
  3963 | D:4      | Found a burning altar of Makhleb.
  3967 | D:4      | Reached XP level 6. HP: 28/28 MP: 13/21
  4149 | D:5      | Entered Level 5 of the Dungeon
  4210 | D:5      | Noticed Grinder
  4249 | D:5      | Killed Grinder
  4502 | D:5      | Reached XP level 7. HP: 32/32 MP: 25/25
  4716 | D:5      | Reached skill level 5 in Hexes
  4866 | D:5      | Found a blossoming altar of Fedhas.
  5096 | D:5      | Noticed Eustachio
  5114 | D:5      | Killed Eustachio
  5243 | D:5      | Reached XP level 8. HP: 23/36 MP: 23/27
  6002 | D:5      | Noticed Crazy Yiuf
  6008 | D:5      | Killed Crazy Yiuf
  6903 | D:6      | Found a glowing golden altar of the Shining One.
  7027 | D:6      | Noticed Blork the orc
  7037 | D:6      | Killed from afar by Blork the orc

Action                   |  1- 3 |  4- 6 |  7- 9 || total
-------------------------+-------+-------+-------++-------
Melee: Dagger            |   109 |   195 |    39 ||   343
       Cutlass           |       |       |    74 ||    74
 Cast: Ensorcelled Hiber |    20 |    47 |    59 ||   126
       Confuse           |       |     4 |     8 ||    12
Evoke: Wand              |       |     1 |       ||     1
  Use: Potion            |       |     7 |       ||     7
       Scroll            |       |       |     7 ||     7
 Stab: Sleeping          |    20 |    35 |    43 ||    98
       Distracted        |     1 |       |       ||     1
       Confused          |       |     3 |     7 ||    10
  Eat: Royal jelly       |       |       |     1 ||     1
